[Event "*** SCC Grand Prix: Titled Tuesday Blitz"]
[Site "Chess.com"]
[Date "2020.07.14"]
[Round "10"]
[White "XDPS"]
[Black "Nf3c5"]
[Result "1-0"]
[WhiteElo "2686"]
[BlackElo "2534"]
[TimeControl "180+1"]
[EndTime "11:58:54 PDT"]
[Termination "XDPS won by resignation"]

1. Nf3 c5 2. b3 Nc6 3. Bb2 d6 4. c4 e5 5. d3 g6 6. g3 Bg7 7.
Bg2 Nge7 8. O-O O-O 9. Nc3 a6 10. Nd2 Rb8 11. Nd5 b5 12. Ne4 Nxd5 13. cxd5 Ne7 14. Nd2 Bb7 15. e4 a5 16. a4 bxa4 17. Rxa4 Ba6 18. Qc2 Bh6 19. Bc3 Qd7 20. Rxa5 Bb5 21.
Nc4 Bxc4 22. dxc4 Rb7 23. Rfa1 f5 24. Ra6 fxe4 25. Bxe4 Nf5 26. Bxf5 Rxf5 27. Be1 Bg7 28. R1a4 h5 29. b4 cxb4 30. Rxb4 Rc7 31. Rbb6 Bf8 32. Bb4 Rf6 33. c5 Qf7 34. Qd2 Kh7 35. cxd6 Rd7 36.
Rc6 Bh6 37. Qc2 Rb7 38. Rc7 Rxc7 39. dxc7 Be3 40. Rxf6 Qxf6 41. c8=Q 1-0

[Event "*** SCC Grand Prix: Titled Tuesday Blitz"]
[Site "Chess.com"]
[Date "2020.07.14"]
[Round "10"]
[White "Tashik"]
[Black "Duong57"]
[Result "0-1"]
[WhiteElo "2377"]
[BlackElo "2263"]
[TimeControl "180+1"]
[EndTime "11:58:54 PDT"]
[Termination "Duong57 won on time"]

1. c4 e5 2. Nc3 Nf6 3. Nf3 Nc6 4.
e4 d6 5. d4 Bg4 6. d5 Nd4 7.
Be3 Nxf3+ 8. gxf3 Bh5 9. Be2 Be7 10. Rg1 g6 11. f4 Bxe2 12. Qxe2 exf4 13. Bxf4 Nh5 14.
Bh6 Qd7 15. O-O-O O-O-O 16. Qe3 b6 17. Nb5 Kb7 18. f4 Bf6 19. e5 dxe5 20. fxe5 Rhe8 21.
Qa3 a6 22. exf6 axb5 23. c5 bxc5 24. Qxc5 Ra8 25. a3 Re4 26. Rd4 Rxd4 27. Qxd4 Ra4 28. Qd2 Qf5 29. b3 Rxa3 30. Kb2 Ra6 31. Rc1 Qxf6+ 32.
Qc3 Qxc3+ 33. Rxc3 Rd6 34. Rc5 b4 35. Bd2 Nf6 36. Bf4 Rd7 37. Rb5+ Kc8 38. Rxb4 Nxd5 39. Ra4 Nxf4 40. Rxf4 f5 41. Kc3 Re7 42. Rf2 Re4 43.
Rd2 c6 44. b4 Kc7 45. Kb3 h6 46. Rc2 Kb6 47. Ka4 f4 48. Rd2 g5 49. Rd6 f3 50. Rf6 Rf4 51. Rxh6 f2 0-1

[Event "*** SCC Grand Prix: Titled Tuesday Blitz"]
[Site "Chess.com"]
[Date "2020.07.14"]
[Round "10"]
[White "Colchonero64"]
[Black "Mfcyryd"]
[Result "0-1"]
[WhiteElo "2937"]
[BlackElo "2631"]
[TimeControl "180+1"]
[EndTime "11:58:55 PDT"]
[Termination "Mfcyryd won by checkmate"]

1. d4 Nf6 2. Bg5 d5 3. e3 c5 4. Bxf6 gxf6 5. dxc5 Nc6 6. Nf3 Rg8 7. c4 Qa5+ 8. Nc3 dxc4 9. Bxc4 Rxg2 10. Qb3 e6 11. Kf1 Rg7 12. Ne4 Be7 13. Rd1 f5 14.
Nd6+ Kf8 15. Nxc8 Rxc8 16. Qxb7 Rd8 17. Ke2 Qxc5 18. Rxd8+ Nxd8 19. Qb5 Qc7 20. Rd1 Rg4 21.
Ne5 a6 22. Rxd8+ Bxd8 23. Qb4+ Be7 24. Qc3 Bf6 25. Qb4+ Be7 26. Qc3 Rh4 27. Nc6 Kg8 28. Bxa6 Rxh2 29. Nxe7+ Qxe7 30. Qc8+ Kg7 31. Qc3+ e5 32.
Bd3 Qf6 33. a4 f4 34. Be4 Rh3 35. a5 fxe3 36. fxe3 Rh2+ 37. Kd3 Qf1# 0-1

[Event "*** SCC Grand Prix: Titled Tuesday Blitz"]
[Site "Chess.com"]
[Date "2020.07.14"]
[Round "10"]
[White "Irishchessman16"]
[Black "doons21"]
[Result "0-1"]
[WhiteElo "2420"]
[BlackElo "2654"]
[TimeControl "180+1"]
[EndTime "11:58:55 PDT"]
[Termination "doons21 won by checkmate"]

1. e4 e6 2. d4 d5 3. Nc3 Bb4 4. e5 Ne7 5. a3 Bxc3+ 6. bxc3 c5 7. h4 Qa5 8. Rh3 Qa4 9. c4 cxd4 10. Qxd4 Nbc6 11.
Qg4 Nf5 12. Qf4 dxc4 13. c3 Qa5 14. g4 Nfe7 15. Nf3 Qxc3+ 16. Nd2 Qxa1 17. Nxc4 O-O 18.
Bd3 Ng6 19. Qe3 Rd8 20. Ke2 Ngxe5 21. Bb2 Nxc4 22. Bxh7+ Kxh7 23. Qe4+ f5 24. gxf5 exf5 25.
Bxa1 fxe4 26. Rg3 N4e5 27. Rg5 Re8 28. Ke3 Re7 29. Kf4 Nd3+ 30. Kg3 g6 31. h5 gxh5 32.
Rxh5+ Kg6 33. Rh8 Nce5 34. Rg8+ Kf5 35. Rh8 Rg7+ 36. Kh4 Nf3+ 37. Kh5 Rg1 38. Rf8+ Ke6 39. Re8+ Kd5 40. a4 Nf4+ 41. Kh6 Rg6+ 42. Kh7 Ng5+ 43. Kh8 Nf7+ 44. Kh7 Bf5 45. Rxa8 Rg4# 0-1

[Event "*** SCC Grand Prix: Titled Tuesday Blitz"]
[Site "Chess.com"]
[Date "2020.07.14"]
[Round "10"]
[White "EvgenyRomanov"]
[Black "lucachess49"]
[Result "1-0"]
[WhiteElo "2599"]
[BlackElo "2439"]
[TimeControl "180+1"]
[EndTime "11:58:55 PDT"]
[Termination "EvgenyRomanov won by resignation"]

1. d4 Nf6 2. Nf3 e6 3. Bf4 b6 4. e3 Bb7 5. Bd3 d6 6. O-O Nbd7 7. c4 Qe7 8. Bg3 g6 9. Nc3 Bg7 10. e4 O-O 11. Re1 e5 12. Nd5 Nxd5 13. exd5 f6 14. dxe5 fxe5 15. Bh4 Bf6 16. Bg3 a5 17. b3 Nc5 18.
Bc2 Qg7 19. Nd2 h5 20. h3 h4 21. Bh2 e4 22. Rb1 Bd4 23. Re2 Rae8 24. Nf1 Nd3 25.
Bxd3 exd3 26. Rxe8 Bxf2+ 27. Kh1 Rxe8 28. Qxd3 Bc8 29. Rd1 Bf5 30. Qf3 Bc5 31. Bf4 Qd7 32. Kh2 Be4 33. Qc3 Qf5 34. Bh6 Qe5+ 35. Qxe5 Rxe5 36.
Nd2 Bc2 37. Rf1 Re2 38. Nf3 Be4 39. Nxh4 Rxa2 40. Rf4 Re2 41. Nf3 Bxf3 42. Rxf3 Kh7 43. Bg5 Rb2 44. Bd8 Bd4 45. h4 Be5+ 46. Kh3 Rd2 47. Bxc7 Bd4 48. Bxd6 1-0

[Event "*** SCC Grand Prix: Titled Tuesday Blitz"]
[Site "Chess.com"]
[Date "2020.07.14"]
[Round "10"]
[White "Klavdia_Nik"]
[Black "BikingBrian"]
[Result "0-1"]
[WhiteElo "2047"]
[BlackElo "2195"]
[TimeControl "180+1"]
[EndTime "11:58:55 PDT"]
[Termination "BikingBrian won on time"]

1. Nf3 g6 2. c4 Bg7 3. d4 Nf6 4. Nc3 O-O 5. e4 d6 6. Be2 Na6 7. O-O e5 8. Re1 c6 9. Bf1 exd4 10.
Nxd4 Ng4 11. h3 Qb6 12. Nce2 Ne5 13. b3 Nc5 14. Nc3 f5 15. exf5 Bxf5 16. Be3 Qc7 17. Nxf5 Rxf5 18. b4 Ne6 19. Rc1 Nf4 20. Ne4 Rd8 21. g3 Nf3+ 22. Kh1 Ne6 23. Re2 Nfd4 24.
Rd2 c5 25. b5 d5 26. cxd5 Rfxd5 27. Bg2 R5d7 28. Nc3 b6 29. Nd5 Qe5 30. Nf4 Nxf4 31.
Bxf4 Qf6 32. Qg4 Kh8 33. Re1 Nf5 34. Rxd7 Rxd7 35. Re8+ Bf8 36. Qe2 Kg8 37. Kh2 Qf7 38. Bg5 h6 39. Bc6 hxg5 0-1

[Event "*** SCC Grand Prix: Titled Tuesday Blitz"]
[Site "Chess.com"]
[Date "2020.07.14"]
[Round "10"]
[White "WPWPWP-2015"]
[Black "Chessdreamer2020"]
[Result "0-1"]
[WhiteElo "2439"]
[BlackElo "2580"]
[TimeControl "180+1"]
[EndTime "11:58:56 PDT"]
[Termination "Chessdreamer2020 won on time"]

1. e4 d6 2. d4 Nf6 3. Nc3 e5 4. Nf3 Nbd7 5. Bc4 Be7 6. O-O O-O 7. a4 a5 8. Re1 h6 9. h3 Re8 10. b3 Bf8 11. Bb2 c6 12. Qd2 Qc7 13. Rad1 exd4 14. Nxd4 Nc5 15. f3 Bd7 16. Nde2 Rad8 17. Nf4 Bc8 18. Nce2 Nfd7 19. Nd4 Ne5 20. Bf1 g6 21.
Nd3 Bg7 22. Nf2 d5 23. f4 Ned7 24. e5 Nf8 25. Nf3 Ne4 26. Qe3 Ng3 27. Bd3 Nf5 28. Bxf5 Bxf5 29. Bd4 Nd7 30. Nd3 b6 31. g4 Be4 32. Nd2 c5 33. Bb2 Bxd3 34. cxd3 d4 35. Qf3 g5 36. Ne4 gxf4 37. Qxf4 Qxe5 38. Qxe5 Nxe5 39.
Bc1 Re6 40. Rf1 Nxd3 41. Ng3 Nxc1 42. Rxc1 Re3 43. Nf5 Rxh3 44. Rb1 Re8 45. Kg2 Rc3 0-1

[Event "*** SCC Grand Prix: Titled Tuesday Blitz"]
[Site "Chess.com"]
[Date "2020.07.14"]
[Round "10"]
[White "KonstantinB_1983"]
[Black "floplover"]
[Result "1-0"]
[WhiteElo "2417"]
[BlackElo "2264"]
[TimeControl "180+1"]
[EndTime "11:58:56 PDT"]
[Termination "KonstantinB_1983 won by resignation"]

1. e4 c6 2. d4 d5 3. e5 Bf5 4.
Nc3 e6 5. g4 Bg6 6. Nge2 Ne7 7.
h4 h5 8. Nf4 Bh7 9. Nxh5 Nd7 10. Be3 a6 11. b4 Nc8 12. a3 a5 13. b5 c5 14. f4 cxd4 15. Bxd4 Qc7 16. Qd2 Ncb6 17. Bd3 Nc4 18. Qe2 Rc8 19. a4 Bg6 20.
Ng3 Bb4 21. Kf1 Nb2 22. Bxg6 Bxc3 23. b6 Qc4 24. Qxc4 Rxc4 25. Bxc3 Rxc3 26. Ne2 Rc6 27. Bd3 Nxd3 28. cxd3 Rxb6 29. Kf2 Ke7 30. Ke3 Nc5 31. h5 Rb3 32. Rhd1 Rc8 33. Rab1 Rxb1 34.
Rxb1 Rc7 35. Rb5 Nxa4 36. Rxa5 Nc5 37. g5 b6 38. Ra8 Nd7 39. h6 gxh6 40. gxh6 Nf8 41.
Ng3 Ng6 42. h7 Rb7 43. Rg8 b5 44. Rxg6 1-0

[Event "*** SCC Grand Prix: Titled Tuesday Blitz"]
[Site "Chess.com"]
[Date "2020.07.14"]
[Round "10"]
[White "gagtemp"]
[Black "Quiet_Desperation"]
[Result "0-1"]
[WhiteElo "1954"]
[BlackElo "2235"]
[TimeControl "180+1"]
[EndTime "11:58:56 PDT"]
[Termination "Quiet_Desperation won on time"]

1. e4 e6 2. d4 d5 3. Nc3 Bb4 4.
e5 c5 5. a3 Bxc3+ 6. bxc3 Ne7 7. Qg4 Qc7 8. Bd3 cxd4 9. Ne2 dxc3 10. Qxg7 Rg8 11. Qxh7 Qxe5 12. Bf4 Qf6 13. h4 Rxg2 14.
h5 e5 15. Bg3 e4 16. Bb5+ Nbc6 17. Bxc6+ bxc6 18. Bh4 Qe5 19. Bg3 Rxg3 20. fxg3 Bf5 21. Qh6 d4 22. Qf4 f6 23. Qxe5 fxe5 24. h6 Bh7 25. Rb1 O-O-O 26. Rd1 Nd5 27. Rh5 Re8 28. Rg5 Kd7 29. Rg7+ Re7 30. Rxe7+ Kxe7 31. Kf2 Ne3 32. Rh1 Nxc2 33. Rh5 e3+ 34. Kf3 e4+ 35. Kf4 c5 36. Re5+ Kd6 37. Rg5 Ne1 38. Rg7 Ng2+ 39. Kg5 d3 40.
Nxc3 e2 41. Nxe4+ Bxe4 0-1

[Event "*** SCC Grand Prix: Titled Tuesday Blitz"]
[Site "Chess.com"]
[Date "2020.07.14"]
[Round "10"]
[White "LastHeroJr"]
[Black "jonychess03"]
[Result "0-1"]
[WhiteElo "2441"]
[BlackElo "2324"]
[TimeControl "180+1"]
[EndTime "11:58:57 PDT"]
[Termination "jonychess03 won by resignation"]

1. e4 e6 2. d4 d5 3. Nd2 dxe4 4. Nxe4 Nd7 5. Nf3 Ngf6 6. Bg5 Be7 7. Nxf6+ Nxf6 8. Bd3 c5 9. O-O O-O 10. c3 b6 11. dxc5 bxc5 12. Qe2 Bb7 13. Rad1 Qb6 14.
Ne5 Rad8 15. Rfe1 h6 16. Bh4 Nd5 17. Bg3 Nf6 18. h3 a5 19. a4 Bd5 20. Bb5 Ne4 21. Bf4 Nf6 22. Qe3 Qb7 23. f3 Bb3 24. Rxd8 Rxd8 25. c4 Bc2 26. Re2 Bb1 27. Nc6 Rd1+ 28.
Kh2 Bf8 29. Ne5 Nh5 30. Nc6 Nxf4 31. Qxf4 Bd6 32. Ne5 f6 33. Qg4 Bxe5+ 34. f4 Bf5 35. Qh5 Bxb2 36. Rxb2 Qe4 37. Qe8+ Kh7 38. Qh5 Qxf4+ 39.
g3 Qf1 40. Bc6 0-1

[Event "*** SCC Grand Prix: Titled Tuesday Blitz"]
[Site "Chess.com"]
[Date "2020.07.14"]
[Round "10"]
[White "Chessbard1972"]
[Black "Vse_po_kaify"]
[Result "1-0"]
[WhiteElo "2257"]
[BlackElo "2017"]
[TimeControl "180+1"]
[EndTime "11:58:57 PDT"]
[Termination "Chessbard1972 won on time"]

1. e4 c5 2. d4 cxd4 3. c3 dxc3 4.
Nxc3 Nc6 5. Bc4 e6 6. Bf4 Nge7 7. Nf3 Ng6 8. Bg3 Bb4 9. O-O O-O 10. e5 a6 11. Ne4 b5 12. Bb3 Bb7 13. Qd3 Qc7 14.
Neg5 h6 15. Nh3 Rfd8 16. Rad1 Nge7 17. Bc2 Nf5 18. a3 Be7 19. Rfe1 d6 20. exd6 Bxd6 21. Bxd6 Rxd6 22. Qe2 Rad8 23. Rxd6 Rxd6 24. Bxf5 exf5 25. Qe8+ Kh7 26. Nf4 Nd4 27. Ne5 Nc2 28. Rf1 Rf6 29. Nh5 Re6 30. Qd7 Qxe5 31. Qxb7 f4 32. Qxf7 Re7 33.
Qb3 Nd4 34. Qd3+ Kg8 35. g4 f3 36. Ng3 Ne2+ 37. Kh1 Nxg3+ 38. hxg3 Rf7 39. Qd8+ 1-0

[Event "*** SCC Grand Prix: Titled Tuesday Blitz"]
[Site "Chess.com"]
[Date "2020.07.14"]
[Round "10"]
[White "Xeniya2005"]
[Black "deep306"]
[Result "0-1"]
[WhiteElo "2389"]
[BlackElo "2584"]
[TimeControl "180+1"]
[EndTime "11:58:58 PDT"]
[Termination "deep306 won on time"]

1. e4 c5 2. Be2 Nc6 3. f4 d6 4.
Nf3 g6 5. O-O Bg7 6. c3 Qb6 7.
d3 e6 8. Kh1 Nge7 9. Nbd2 d5 10. e5 Bd7 11. Nb3 Na5 12. Nxa5 Qxa5 13. Be3 Rc8 14. a3 Qc7 15. Qd2 b6 16. Rac1 Bb5 17.
b4 O-O 18. Bg1 f6 19. d4 Bxe2 20. Qxe2 fxe5 21. fxe5 cxd4 22. cxd4 Qxc1 23. Rxc1 Rxc1 24. h3 Bh6 25. Kh2 Nf5 26. Bf2 Rfc8 27. Ne1 R8c4 28. Qg4 R1c3 29. h4 Rxa3 30. h5 Kf7 31. hxg6+ hxg6 32. Nf3 Ra2 33. Bh4 Rcc2 34. Bg5 Rxg2+ 35. Qxg2 Rxg2+ 36.
Kxg2 a5 37. bxa5 bxa5 38. Bxh6 Nxh6 39. Nd2 Nf5 40. Nf3 a4 0-1

[Event "*** SCC Grand Prix: Titled Tuesday Blitz"]
[Site "Chess.com"]
[Date "2020.07.14"]
[Round "10"]
[White "AlexOstrovskiy"]
[Black "alexsergeyev"]
[Result "1/2-1/2"]
[WhiteElo "2592"]
[BlackElo "2354"]
[TimeControl "180+1"]
[EndTime "11:58:58 PDT"]
[Termination "Game drawn by repetition"]

1. d4 d5 2. Bf4 c5 3. e4 dxe4 4.
d5 Nf6 5. Nc3 Bd7 6. Qe2 g6 7.
O-O-O Bg7 8. Nxe4 O-O 9. Nxc5 Qa5 10. Qc4 Rc8 11. Be3 b6 12. Nxd7 Rxc4 13. Nxf6+ Bxf6 14. Bxc4 Nd7 15. Nf3 Rc8 16. Bb3 Nc5 17. Kb1 Nxb3 18. axb3 Qb4 19. Nd4 a5 20. Nc6 Qg4 21. Bd4 Kg7 22.
Nxe7 Rxc2 23. Bxf6+ Kxf6 24. Kxc2 Kxe7 25. d6+ Kd7 26.
g3 Qf5+ 27. Kc1 Qf3 28. Rhe1 Qxb3 29. Re3 Qa2 30. Rc3 Qa1+ 31. Kc2 Qa4+ 32. Kc1 Qa1+ 33. Kc2 Qa4+ 34. b3 Qa2+ 35. Kc1 Qa3+ 36. Kb1 a4 37. Rc7+ Kd8 38. bxa4 Qb3+ 39. Kc1 Qa3+ 40. Kb1 Qb3+ 41.
Kc1 Qa3+ 42. Kb1 1/2-1/2

[Event "*** SCC Grand Prix: Titled Tuesday Blitz"]
[Site "Chess.com"]
[Date "2020.07.14"]
[Round "10"]
[White "ElCoachRene"]
[Black "VladaSviridova"]
[Result "0-1"]
[WhiteElo "2174"]
[BlackElo "2127"]
[TimeControl "180+1"]
[EndTime "11:58:58 PDT"]
[Termination "VladaSviridova won on time"]

1. d4 d5 2. Bf4 Nf6 3. e3 c5 4. c3 Nc6 5. Bd3 e6 6. Nd2 Bd6 7. Bg3 O-O 8. Ngf3 h6 9. Ne5 Qc7 10. f4 b6 11. Qf3 Bb7 12. O-O Ne7 13.
a4 a5 14. Bf2 Nd7 15. Nxd7 Qxd7 16. Bh4 f5 17. g4 fxg4 18. Qxg4 Nf5 19. Bf2 cxd4 20.
exd4 Rf6 21. Rae1 Raf8 22. Kh1 Qxa4 23. Nf3 Qe8 24. Ne5 Bxe5 25. fxe5 Rg6 26. Qh3 Rg5 27. Bg1 Qh5 28. Qxh5 Rxh5 29. Kg2 Rg5+ 30. Kh1 Rh5 31. Kg2 Rg5+ 32. Kh1 Bc6 33. Bf2 Be8 34. Bg3 Nxg3+ 35. hxg3 Rxf1+ 36. Rxf1 Rxg3 37. Be2 Bg6 38. Rf2 Be4+ 39.
Kh2 Rg5 40. Rf4 Rg2+ 41. Kh3 Rxe2 0-1

[Event "*** SCC Grand Prix: Titled Tuesday Blitz"]
[Site "Chess.com"]
[Date "2020.07.14"]
[Round "10"]
[White "ditkin25"]
[Black "karinachess1"]
[Result "0-1"]
[WhiteElo "2411"]
[BlackElo "2524"]
[TimeControl "180+1"]
[EndTime "11:58:59 PDT"]
[Termination "karinachess1 won on time"]

1. e4 c5 2. Nf3 e6 3. Nc3 a6 4.
d4 cxd4 5. Nxd4 b5 6. Be2 Bb7 7. O-O b4 8. Na4 Bxe4 9. Bf3 Bxf3 10. Qxf3 d5 11. Re1 Nf6 12. Nf5 g6 13. Nh6 Nbd7 14.
c3 a5 15. Bg5 Be7 16. Rac1 Rf8 17. c4 Rc8 18. b3 dxc4 19. bxc4 Qc7 20. c5 Qc6 21.
Qb3 Nd5 22. Bxe7 Kxe7 23. Rcd1 N7f6 24. Ng4 Rfd8 25. Ne5 Qb5 26. c6 Kf8 27. h3 Kg7 28. Nb2 Nc3 29. Rxd8 Rxd8 30. Nbc4 a4 31. Qc2 Rc8 32. Re3 Qd5 33. Kh2 h5 34. Rf3 h4 35.
Qc1 Nce4 36. Qf4 b3 37. axb3 g5 0-1

[Event "*** SCC Grand Prix: Titled Tuesday Blitz"]
[Site "Chess.com"]
[Date "2020.07.14"]
[Round "10"]
[White "Gabrielian_Artur"]
[Black "AldokhinIvan"]
[Result "1-0"]
[WhiteElo "2798"]
[BlackElo "2590"]
[TimeControl "180+1"]
[EndTime "11:59:00 PDT"]
[Termination "Gabrielian_Artur won by resignation"]

1. e4 c5 2. Nc3 e6 3. Nge2 Nc6 4. g3 d5 5. Bg2 d4 6. Nb1 d3 7. cxd3 Qxd3 8. O-O Nf6 9. Nbc3 Be7 10. Nf4 Qd8 11.
Re1 Bd6 12. d3 O-O 13. Be3 Nd4 14. Rc1 e5 15. Nfd5 Ng4 16. Bxd4 exd4 17. Nb5 a6 18. Nxd6 Qxd6 19. Qc2 Qh6 20. h3 Ne5 21. f4 Nc6 22. f5 Ne5 23. Red1 b6 24. b4 cxb4 25. Qc7 f6 26. Qd6 Bd7 27. Rc7 Qe3+ 28. Nxe3 dxe3 29.
Qd5+ Kh8 30. Rxd7 Nxd7 31. Qxd7 Rfd8 32. Qb7 Rab8 33. Qxa6 Rbc8 34. Qb5 Rc5 35. Qxb4 Rc2 36. Qxb6 Ra8 37. Qxe3 Raxa2 38. Qf3 h6 39. d4 Kh7 40. d5 Rd2 41. Rxd2 Rxd2 42. Qf4 1-0

[Event "*** SCC Grand Prix: Titled Tuesday Blitz"]
[Site "Chess.com"]
[Date "2020.07.14"]
[Round "10"]
[White "GMHess"]
[Black "kirillshevchenko"]
[Result "1-0"]
[WhiteElo "2783"]
[BlackElo "2922"]
[TimeControl "180+1"]
[EndTime "11:59:01 PDT"]
[Termination "GMHess won by checkmate"]

1. d4 Nf6 2. c4 g6 3. Nc3 Bg7 4. e4 d6 5. f3 O-O 6. Nge2 e5 7. Be3 Nbd7 8. d5 h5 9. Qd2 Nh7 10. O-O-O f5 11. exf5 gxf5 12. f4 Nhf6 13. Ng3 Nb6 14. fxe5 dxe5 15. c5 f4 16. cxb6 fxe3 17. Qxe3 Ng4 18.
bxc7 Qxc7 19. Qg5 Nf2 20. d6 Qf7 21. Nxh5 Be6 22. Bb5 Kh7 23. Nxg7 Qxg7 24. Qe7 Bf7 25. Rhf1 Nxd1 26. Rxd1 a6 27. Bd3+ Bg6 28. Qh4+ Kg8 29.
Bc4+ Bf7 30. Nd5 Rfe8 31. Nf6+ Kf8 32. Nd7+ Kg8 33. Nf6+ Kf8 34. Rf1 Bxc4 35. Nxe8+ Kxe8 36. Qxc4 Qh6+ 37. Kb1 Qg6+ 38. Ka1 Rd8 39. Qc7 Rd7 40.
Qc8+ Rd8 41. Qxb7 Qe6 42. Qg7 Qxd6 43. Qf7# 1-0

[Event "*** SCC Grand Prix: Titled Tuesday Blitz"]
[Site "Chess.com"]
[Date "2020.07.14"]
[Round "10"]
[White "abykhovsky"]
[Black "BillieKimbah"]
[Result "0-1"]
[WhiteElo "2720"]
[BlackElo "2893"]
[TimeControl "180+1"]
[EndTime "11:59:01 PDT"]
[Termination "BillieKimbah won by resignation"]

1. d4 d5 2. Nf3 Nf6 3. c4 c6 4.
Nc3 e6 5. Bg5 h6 6. Bxf6 Qxf6 7.
g3 Nd7 8. Bg2 Qd8 9. O-O Be7 10.
Qb3 O-O 11. e4 Nb6 12. c5 Nd7 13. Qa4 Qc7 14. Rfe1 Bf6 15. b4 b6 16. Rac1 Bb7 17. Qb3 Rfb8 18. a3 bxc5 19. bxc5 Ba6 20. Qa4 Bd3 21. Re3 Bxe4 22. Nxe4 dxe4 23. Rxe4 Rb2 24.
Ree1 Rab8 25. Rcd1 R8b5 26. Bf1 Ra5 27. Qc4 Rxa3 28. Bd3 a5 29. Rb1 Raa2 30. Rxb2 Rxb2 31. Qc3 Rb4 32. Bc2 Qb8 33. Qd3 g6 34. h4 h5 35. Kg2 Bg7 36. Qa3 Bxd4 37. Nxd4 Rxd4 38. Qxa5 Qf8 39. Be4 Ne5 40. Qc3 Qd8 41. Re2 Qd7 42.
Qb2 Ng4 43. Qb8+ Kg7 44. Qa8 Ne5 45. Qb8 Ng4 46. Qb6 Rd2 47. Bxc6 Qd4 0-1

[Event "*** SCC Grand Prix: Titled Tuesday Blitz"]
[Site "Chess.com"]
[Date "2020.07.14"]
[Round "10"]
[White "kasparicy"]
[Black "boasovietica"]
[Result "1-0"]
[WhiteElo "2334"]
[BlackElo "2460"]
[TimeControl "180+1"]
[EndTime "11:59:01 PDT"]
[Termination "kasparicy won by resignation"]

1. e4 e5 2. Nf3 Nc6 3. Bc4 Bc5 4. c3 Nf6 5. d3 a6 6. Bb3 Ba7 7. Nbd2 d6 8. h3 h6 9. Nf1 Ne7 10. Ng3 O-O 11. Nh4 d5 12. Qf3 Nh7 13. Bd2 Be6 14.
O-O-O d4 15. Nhf5 Nxf5 16. Nxf5 Bxb3 17. axb3 Qf6 18. Qg3 Kh8 19. f4 exf4 20. Bxf4 Rfe8 21. c4 Ng5 22. Rdf1 Ne6 23. Bd2 Qg6 24. Qf2 b5 25. g4 bxc4 26. bxc4 Rab8 27. Nh4 Qf6 28. Qxf6 gxf6 29. Rxf6 Nc5 30. Kc2 Rb3 31. Rxf7 Reb8 32. Bc1 Nxd3 33. Rhf1 Nxc1 34. Ng6+ Kg8 35. Ne7+ Kh8 36.
Kxc1 Rxb2 37. Rf8+ Rxf8 38. Rxf8+ Kg7 39. Rg8+ Kf7 40. Kxb2 Kxe7 41. Rg7+ Kd6 42. Rg6+ Kc5 43. Rxa6 Bb6 44. Kb3 d3 45. Kc3 d2 46. Kxd2 Kxc4 47.
h4 Kd4 48. Ra4+ Ke5 49. g5 hxg5 50. hxg5 Bc5 51. Ra5 1-0

[Event "*** SCC Grand Prix: Titled Tuesday Blitz"]
[Site "Chess.com"]
[Date "2020.07.14"]
[Round "10"]
[White "tigra"]
[Black "GMKrikor"]
[Result "1-0"]
[WhiteElo "2844"]
[BlackElo "2686"]
[TimeControl "180+1"]
[EndTime "11:59:02 PDT"]
[Termination "tigra won by resignation"]

1. d4 Nf6 2. c4 g6 3. Nc3 d5 4.
Bg5 Bg7 5. Bxf6 Bxf6 6. Nxd5 Bg7 7. e3 c5 8. Nf3 Nc6 9. Be2 O-O 10. O-O cxd4 11.
exd4 e6 12. Nc3 Nxd4 13. Nxd4 Qxd4 14. Qc2 Qe5 15. Rad1 Rb8 16. Rfe1 Qa5 17. Bf3 a6 18. a4 Rd8 19. Rxd8+ Qxd8 20. b4 Qc7 21. c5 Bd7 22. h4 a5 23. Nb5 Bxb5 24. axb5 axb4 25. b6 Qf4 26. Re4 b3 27. Rxf4 bxc2 28. Rc4 Bd4 29. Rxc2 Rc8 30. c6 bxc6 31. b7 Rb8 32. Rxc6 Be5 33. Rc8+ Kg7 34. g4 h6 35. Kf1 Kf6 36.
Ke2 h5 37. gxh5 gxh5 38. Be4 Bd6 39. Ke3 Ke5 40. Bg2 f5 41. Kd3 Kf4 42. Kc4 Ke5 43.
Kb5 Kf4 44. Ka6 e5 45. Ka7 e4 46. Rxb8 1-0

[Event "*** SCC Grand Prix: Titled Tuesday Blitz"]
[Site "Chess.com"]
[Date "2020.07.14"]
[Round "10"]
[White "northridgehawk"]
[Black "Niclox"]
[Result "0-1"]
[WhiteElo "2348"]
[BlackElo "2695"]
[TimeControl "180+1"]
[EndTime "11:59:02 PDT"]
[Termination "Niclox won by resignation"]

1. e4 c5 2. Nf3 d6 3. d4 cxd4 4.
Nxd4 Nf6 5. Nc3 g6 6. Be3 Bg7 7. Be2 O-O 8. O-O Nc6 9. Nb3 a5 10. a3 a4 11. Nd4 Qa5 12. f4 Nxd4 13. Bxd4 Be6 14. Bf3 Rfd8 15. Re1 Rac8 16. Qd2 Rc4 17. Bf2 Rdc8 18. h3 Nd7 19. e5 dxe5 20. Rad1 e4 21. Nxe4 Qxd2 22. Rxd2 Rxc2 23. Red1 Rxd2 24. Rxd2 Nf6 25.
Nc5 Bb3 26. Bxb7 Rb8 27. Bf3 h5 28. g4 hxg4 29. hxg4 Ne8 30. Nd7 Rc8 31. Nc5 Nd6 32. Nxb3 axb3 33. Bd1 Rc1 34. Kg2 Bxb2 35. Rxb2 Rxd1 36.
Rxb3 Ra1 37. Kf3 f6 38. Bc5 Nc4 39. Bxe7 Nd2+ 40. Ke3 Nxb3 41. Kd3 Kf7 42. Bb4 Na5 43. g5 Nc6 44. Bd6 fxg5 45. fxg5 Ke6 46. Bf8 Kf5 47.
Kc4 Ne5+ 48. Kb5 Nf7 49. a4 Nxg5 50. a5 Ne6 51. Bd6 Nd4+ 52. Kb6 Rb1+ 53. Ka6 Nb3 54. Bc7 Nxa5 55. Kxa5 g5 0-1

[Event "*** SCC Grand Prix: Titled Tuesday Blitz"]
[Site "Chess.com"]
[Date "2020.07.14"]
[Round "10"]
[White "QuintilianoR"]
[Black "bazar-wokzal"]
[Result "1/2-1/2"]
[WhiteElo "2647"]
[BlackElo "2473"]
[TimeControl "180+1"]
[EndTime "11:59:03 PDT"]
[Termination "Game drawn by repetition"]

1. Nf3 c5 2. e4 d6 3. d4 cxd4 4. Nxd4 Nf6 5. Nc3 g6 6. Be3 Bg7 7. Be2 O-O 8. Qd2 Nc6 9. O-O-O Ng4 10. Bxg4 Bxg4 11. f3 Be6 12. Nxe6 fxe6 13. Kb1 Qa5 14. Ne2 Qxd2 15. Rxd2 Rac8 16. Re1 a6 17. Nf4 Kf7 18. Rdd1 Nb4 19. Re2 Rc7 20. c3 Nc6 21. Bb6 Rcc8 22. Nh3 h6 23. Nf4 Be5 24. Nd3 Bxh2 25.
Rh1 Be5 26. Rxh6 Rh8 27. Nxe5+ Nxe5 28. Rxh8 Rxh8 29. Bd4 Rh1+ 30. Kc2 Nc6 31. Bf2 e5 32. Be3 Nd8 33. b4 Ne6 34. a4 g5 35. Kb3 Nf4 36. Bxf4 exf4 37. Kc4 Ke6 38. Rd2 Rh2 39. a5 g4 40.
fxg4 f3 41. Rd3 f2 42. Rf3 Rxg2 43. Kd4 Kd7 44. Ke3 Rxg4 45. Rxf2 Kc6 46. Rf5 e6 47. Rf6 Rg3+ 48. Kd2 e5 49. Rh6 Rf3 50. Rg6 Rh3 51.
Rf6 Rg3 52. Rh6 Rf3 53. Rg6 Rh3 54. Rf6 Rg3 1/2-1/2

[Event "*** SCC Grand Prix: Titled Tuesday Blitz"]
[Site "Chess.com"]
[Date "2020.07.14"]
[Round "10"]
[White "kingnb"]
[Black "Guenplen"]
[Result "0-1"]
[WhiteElo "2565"]
[BlackElo "2866"]
[TimeControl "180+1"]
[EndTime "11:59:03 PDT"]
[Termination "Guenplen won by resignation"]

1. e4 c5 2. Nf3 e6 3. c3 d5 4. e5 d4 5. cxd4 cxd4 6. Qa4+ Nc6 7. Bb5 Bd7 8. O-O a6 9. Bxc6 Bxc6 10. Qxd4 Bxf3 11.
Qxd8+ Rxd8 12. gxf3 Ne7 13. Nc3 Ng6 14. Re1 Nh4 15. Re4 Nxf3+ 16. Kg2 Nd4 17. d3 Nf5 18.
Rc4 Be7 19. Rc7 O-O 20. Rxb7 Rxd3 21. Bf4 g5 22. Be3 Rfd8 23. Ne4 Nxe3+ 24. fxe3 Rxe3 25. Ng3 Kf8 26. Rc1 Rxe5 27. Rcc7 Re8 28. a4 a5 29. Kf3 f5 30. h3 Kf7 31. Ra7 Kf6 32. Nh5+ Kg6 33.
Ng3 Bf6 34. Rxh7 Rb8 35. Rhb7 Rxb7 36. Rxb7 Rd5 37. b4 Rd3+ 38. Kg2 axb4 39. Rxb4 Ra3 40.
Rc4 Ra2+ 41. Kf3 Ra3+ 42. Kg2 Be5 43. Ne2 Ra2 44. Kf3 Ra3+ 45. Kg2 Kf6 46. Nc1 Rg3+ 47. Kf2 Rxh3 48. a5 Ra3 49. Rc8 Rxa5 50. Nd3 Bd4+ 51. Kf3 Ra3 52. Kg3 Rxd3+ 0-1

[Event "*** SCC Grand Prix: Titled Tuesday Blitz"]
[Site "Chess.com"]
[Date "2020.07.14"]
[Round "10"]
[White "N00bM3ster"]
[Black "Meri-Arabidze"]
[Result "1-0"]
[WhiteElo "2815"]
[BlackElo "2562"]
[TimeControl "180+1"]
[EndTime "11:59:03 PDT"]
[Termination "N00bM3ster won on time"]

1. e4 c5 2. Nf3 e6 3. d4 cxd4 4.
Nxd4 Nc6 5. Nc3 a6 6. Nxc6 bxc6 7. e5 Qc7 8. f4 d5 9. exd6 Bxd6 10. g3 Nf6 11. Bg2 O-O 12. O-O Bb7 13. Be3 Rfd8 14.
Qf3 Nd5 15. Bf2 c5 16. Ne4 Rab8 17. Rad1 Bf8 18. c4 Nb4 19. a3 Nc2 20. Rxd8 Qxd8 21. Qd1 Nd4 22. b4 f5 23. Nxc5 Bxc5 24. Bxb7 Rxb7 25.
bxc5 Rd7 26. Re1 h6 27. Qd3 Kh7 28. Qc3 Nc6 29. Rxe6 Rd3 30. Qc2 Rd1+ 31. Kg2 Nd4 32. Bxd4 Rxd4 33. Qxf5+ Kh8 34. Rc6 Rd2+ 35. Kh3 Rd7 36.
Rxa6 Qe8 37. Re6 Qa8 38. Qe5 Rd8 39. Rxh6+ Kg8 40. Qe6+ 1-0